 Dungeon Crawl Stone Soup version 0.21.1-1-g345015fe64 (webtiles) character file.

386 Gargoyl the Skirmisher (level 6, 0/52 HPs)
             Began as a Centaur Abyssal Knight on June 12, 2018.
             Was a Priest of Lugonu.
             Slain by a worker ant (1 damage)
             ... on level 3 of the Dungeon.
             The game lasted 00:09:13 (4198 turns).

Gargoyl the Skirmisher (Centaur Abyssal Knight)     Turns: 4198, Time: 00:09:14

Health: 0/52       AC:  7    Str: 14 (17) XL:     6   Next: 48%
Magic:  8/8        EV:  8    Int:  9 (11) God:    Lugonu [***...]
Gold:   252        SH:  0    Dex:  9 (10) Spells: 5/5 levels left

rFire    . . .     SeeInvis .   a - +2 hand axe
rCold    + . .     Gourm    .   (no shield)
rNeg     . . .     Faith    +   f - +0 ring mail
rPois    .         Spirit   .   (no helmet)
rElec    .         Reflect  .   l - +0 cloak
rCorr    .         Harm     .   (no gloves)
MR       +....                  (no barding)
Stlth    ..........             e - amulet "Geanwoq" {Faith MR+ Str+2}
HPRegen  0.17/turn              g - ring of protection from cold
MPRegen  0.11/turn              (no ring)

@: lethally poisoned (0 -> -4), hasted, very quick
A: large, hooves 3, deformed body, speed 2, tough skin 3
a: Depart the Abyss, Bend Space, Banish, Renounce Religion


You were on level 3 of the Dungeon.
You worshipped Lugonu.
Lugonu was most pleased with you.
You were not hungry.

You visited 1 branch of the dungeon, and saw 4 of its levels.
You visited the Abyss 1 time.

You collected 252 gold pieces.

Inventory:

Hand Weapons
 a - a +2 hand axe (weapon)
Missiles
 q - 2 tomahawks (quivered)
Armour
 f - a +0 ring mail (worn)
 l - a +0 cloak (worn)
Jewellery
 e - the amulet "Geanwoq" (around neck) {Faith MR+ Str+2}
   (You found it on level 3 of the Abyss)

   [amulet of faith]

   It allows you to gain divine favour quickly.
   It affects your strength (+2).
   It affects your resistance to hostile enchantments.
 g - a ring of protection from cold (left hand)
Scrolls
 d - 4 scrolls of remove curse
 j - a scroll of identify
Potions
 b - a potion of flight
 h - a potion of heal wounds {unknown}
 i - a potion of might {unknown}
 k - a potion of brilliance {unknown}
 m - a potion of curing {unknown}
 n - a potion of degeneration
 o - 2 potions of mutation {unknown}
Comestibles
 c - 3 rations


   Skills:
 + Level 3.7 Fighting
 + Level 3.4 Axes
 * Level 3.4 Armour
 + Level 1.3 Dodging
 * Level 3.4 Invocations


You had 5 spell levels left.
You didn't know any spells.

Dungeon Overview and Level Annotations

Branches:
Dungeon (4/15)
 Temple: D:4-7

Altars:
Sif Muna


Innate Abilities, Weirdness & Mutations

You have hooves in place of feet.
Armour fits poorly on your strangely shaped body.
You cover ground very quickly.
You have extremely tough skin. (AC +3)


Message History

The hound bites you but does no damage.
You feel sick. The hound bites you but does no damage.
The worker ant bites you.
* * * LOW HITPOINT WARNING * * *
You are more poisoned.
The worker ant poisons you! The worker ant bites you.
* * * LOW HITPOINT WARNING * * *
You feel yourself speed up.
* * * LOW HITPOINT WARNING * * *
You feel sick. The hound bites you.
* * * LOW HITPOINT WARNING * * *
The worker ant bites you but does no damage.
The hound barely misses you.
The worker ant bites you but does no damage.
It was a potion of degeneration.
There was something very wrong with that liquid.
You feel weakened.
You feel dopey.
You feel clumsy. The worker ant bites you.
You die...

######### # #.......# ####
#.......# ...## #.......#
.#..#### #.......#
..#....#### #.......#
#.####....# ##.h.....#
#..#......## #.@a.....#
.....###.).####..a.....#
..##..##............####
#.##..####...#...##.#
#..#................######
#........................#
.........................#
.##.............#........#
...............##........#


You could see a hound and 2 worker ants.

Vanquished Creatures
  An ice beast (D:2)
  An orc priest (D:2)
  An iguana (D:2)
  6 adders
  An adder skeleton (D:4)
  A worm (D:2)
  A dart slug (D:1)
  4 leopard geckos
  12 orcs
  2 ball pythons
  7 giant cockroaches
  5 goblins
  8 hobgoblins
  A quokka (D:2)
  7 bats
  2 frilled lizards
  10 kobolds
  10 rats
80 creatures vanquished.

Vanquished Creatures (others)
  The ghost of eskilway the Cudgeler, an amateur GrFi (D:3)
1 creature vanquished.

Grand Total: 81 creatures vanquished

Notes
Turn   | Place    | Note
-------+----------+-------------------------------------------
     0 | Abyss:1  | Gargoyl the Centaur Abyssal Knight began the quest for the Orb.
     0 | Abyss:1  | Reached XP level 1. HP: 19/19 MP: 2/2
    32 | Abyss:1  | Noticed a daeva
    83 | Abyss:3  | Got a fine copper amulet
    85 | Abyss:3  | Identified the amulet "Geanwoq" {Faith MR+ Str+2} (You found it on level 3 of the Abyss)
   143 | Abyss:3  | Noticed a large abomination
   147 | Abyss:3  | Noticed a neqoxec
   147 | Abyss:3  | Noticed an ancient zyme
   149 | D:1      | Escaped the Abyss
   361 | D:1      | Reached * piety under Lugonu
   361 | D:1      | Reached XP level 2. HP: 15/26 MP: 3/3
  1138 | D:1      | Reached XP level 3. HP: 30/31 MP: 4/4
  1464 | D:2      | Reached ** piety under Lugonu
  1734 | D:2      | Reached XP level 4. HP: 22/38 MP: 5/5
  2134 | D:2      | Noticed an ice beast
  2171 | D:2      | Killed an ice beast
  2171 | D:2      | Reached skill level 1 in Dodging
  2171 | D:2      | Reached XP level 5. HP: 41/45 MP: 7/7
  3243 | D:3      | Reached XP level 6. HP: 30/51 MP: 8/8
  3516 | D:3      | Reached *** piety under Lugonu
  3759 | D:3      | Noticed eskilway's ghost (amateur GrFi)
  4043 | D:4      | Found a deep blue altar of Sif Muna.
  4105 | D:3      | Banished eskilway's ghost
  4197 | D:3      | HP: 1/52 [hound (4)]
  4198 | D:3      | Slain by a worker ant

Skill      XL: |  1  2  3  4 |
---------------+-------------+-----
Axes           | 2 3 |  3.4
Armour         | 2 3 |  3.4
Dodging        | 1 |  1.3
Invocations    | 3 |  3.4
Fighting       | |  3.7

Action                   |  1- 3 |  4- 6 || total
-------------------------+-------+-------++-------
Melee: Hand axe          |   101 |   129 ||   230
       Kick              |    13 |    25 ||    38
Invok: Depart the Abyss  |     1 |       ||     1
       Banish            |       |     1 ||     1
  Use: Scroll            |     3 |     5 ||     8
       Potion            |       |     3 ||     3
  Eat: Chunk             |     1 |     2 ||     3
       Ration            |     1 |     1 ||     2
Armor: Ring mail         |    42 |    75 ||   117
       Leather armour    |     1 |       ||     1
       Skin              |       |    14 ||    14
Dodge: Dodged            |    49 |    81 ||   130
